 Dungeon Crawl Stone Soup version 0.31-a0-978-g1e143483b6 (webtiles) character file.

Game seed: 7318109469585256360

305 timneilson the Ruffian (level 6, 0/41 HPs)
             Began as an Octopode Shapeshifter on Oct 30, 2023.
             Succumbed to a kobold's poison
             ... in a sewer.
             The game lasted 00:05:46 (2694 turns).

timneilson the Ruffian (Octopode Shapeshifter)      Turns: 2694, Time: 00:05:46

Health: 0/41       AC:  1    Str: 16    XL:     6   Next: 39%
Magic:  7/7        EV: 13    Int: 12    God:
Gold:   201        SH:  0    Dex: 11    Spells: 5/7 levels left

rFire   + .          .
                       - Unarmed
rCold   . . .        (no shield)
rNeg    . . .        (helmet currently unavailable)
rPois   .            (no amulet)
rElec   .            j - ring of willpower
rCorr   .            k - ring of protection from fire
SInv    .            (no ring)
Will    +....        (no ring)
Stlth   ++++         (no ring)
HPRegen 0.26/turn    (no ring)
MPRegen 0.10/turn    (no ring)
                     (no ring)

%: clarity
@: lethally poisoned (0 -> -6), beast-form
A: beast (slay +2), almost no armour, amphibious, 8 rings, camouflage 1,
gelatinous body 1, nimble swimmer 1, tentacles, tentacle spike 1, clarity
a: Begin Untransformation


You were in a sewer.
You were a hulking beast.
You visited 1 branch of the dungeon, and saw 4 of its levels.
You also visited: Sewer.

You collected 201 gold pieces.

Inventory:

Jewellery
 j - a ring of willpower (left tentacle)
 k - a ring of protection from fire (right tentacle)
Talismans
 b - a beast talisman
 c - a flux talisman
Scrolls
 f - a scroll of identify
 m - a scroll of immolation {unknown}
 n - a scroll of fog {unknown}
Potions
 a - a potion of lignification
 d - a potion of heal wounds {unknown}
 e - a potion of haste
 h - a potion of mutation
 i - a potion of enlightenment {unknown}
 l - 2 potions of might {unknown}
 o - a potion of brilliance {unknown}


   Skills:
 * Level 2.9 Fighting
 * Level 3.2 Dodging
 + Level 2.5 Stealth
 * Level 4.0 Unarmed Combat
 + Level 1.1 Spellcasting
 + Level 0.9 Translocations
 * Level 3.8 Shapeshifting


You had 5 spell levels left.
You knew the following spells:

 Your Spells              Type           Power      Damage    Failure   Level
a - Lesser Beckoning      Tloc           6%         N/A       30%         2

Your spell library contained the following spells:

 Spells                   Type           Power      Damage    Failure   Level
 Gell's Gravitas          Tloc           3%         N/A       52%         3
 Teleport Other           Tloc           3%         N/A       52%         3


Dungeon Overview and Level Annotations

Branches:
Dungeon (4/15)              Sewer (1/1)
 Temple: D:4-7

Altars:

Annotations:
D:3 3 runed translucent doors, mattiecakes's ghost, amateur AtFi


Innate Abilities, Weirdness & Mutations

You are a hulking beast.
Your limbs bulge with bestial killing power. (Slay +2)
You cannot wear most types of armour.
You are amphibious.
You can wear up to eight rings at the same time.
Your skin changes colour to match your surroundings (Stealth+).
Your rubbery body absorbs attacks. (AC +1, EV +1)
You are camouflaged when in or above water. (Stealth+)
You have tentacles for arms and can constrict up to eight enemies at once.
One of your tentacles bears a spike.
You possess an exceptional clarity of mind.


Message History

HP restored.
You enter the deep water.
The kobold brigand throws a poisoned dart.
The poisoned dart hits you!
You are poisoned.
You feel very sick.
You feel sick.
The kobold brigand throws a poisoned dart.
The poisoned dart barely misses you.
You feel sick.
You feel sick.
The kobold throws a poisoned dart.
The poisoned dart hits you!
You are more poisoned.
The kobold shouts!
You feel very sick.
The kobold brigand hits you with a +0 short sword.
The kobold barely misses you.
The kobold throws a poisoned dart.
The poisoned dart barely misses you.
You closely miss the kobold brigand. You grab the kobold brigand.
You constrict the kobold brigand, but do no damage.
You feel very sick. The kobold brigand barely misses you.
The kobold hits you with a +0 whip.
You tentacle-slap the kobold brigand.
The kobold brigand is moderately wounded.
You constrict the kobold brigand.
You feel sick.
The kobold throws a poisoned dart.
The poisoned dart closely misses you.
The kobold brigand completely misses you.
The kobold closely misses you.
You tentacle-slap the kobold brigand but do no damage.
You squeeze the kobold brigand!
The kobold brigand is heavily wounded.
You constrict the kobold brigand.
You feel sick.
The kobold brigand hits you with a +0 short sword!
* * * LOW HITPOINT WARNING * * *
The kobold hits you with a +0 whip.
* * * LOW HITPOINT WARNING * * *
It was a potion of mutation.
You feel extremely strange.
Your thoughts seem clearer.
One of your lower tentacles grows a sharp spike.
You constrict the kobold brigand.
You die...

#∩###...≈≈≈≈≈.......#
####....~≈≈≈~...††.##
##....≈≈≈≈~#....##
#.....~≈≈≈~##...#
##.....~≈≈≈~≈##..#
#......~≈≈≈≈~##..##
#.....≈≈≈≈≈≈≈#....#
#.....≈≈≈≈≈≈≈K....##
##..†.≈≈≈≈≈≈hKK....#
#....~≈≈≈≈≈≈≈K....#
#....≈≈≈≈≈≈≈~†....#
##...~≈≈≈≈≈≈≈†)...#
##+###≈≈≈≈≈≈###'###
#≈≈≈≈≈≈#K.)..#
#≈≈≈≈≈≈#..K..#
#≈≈≈≈≈≈##...##
#≈≈≈≈≈≈#....?


You could see a kobold brigand and 3 kobolds.

Vanquished Creatures
  2 kobold brigands (Sewer)
  3 adders (Sewer)
  5 river rats (Sewer)
  A dart slug (D:1)
  A worm (D:3)
  5 orcs (D:3)
  2 endoplasms
  5 giant cockroaches
  6 goblins
  6 hobgoblins
  A jackal (D:1)
  4 quokkas
  7 ball pythons
  A bat (D:1)
  12 frilled lizards
  11 kobolds
  26 rats
98 creatures vanquished.

Notes
Turn   | Place    | Note
-------+----------+-------------------------------------------
     0 | D:1      | timneilson the Octopode Shapeshifter began the quest for
                  | the Orb.
     0 | D:1      | Reached XP level 1. HP: 13/13 MP: 1/1
   109 | D:1      | Reached XP level 2. HP: 12/18 MP: 2/2
   273 | D:1      | Found a faded altar of an unknown god.
   389 | D:1      | Reached skill level 1 in Stealth
   747 | D:2      | Reached XP level 3. HP: 21/23 MP: 3/3
   875 | D:2      | Learned a level 2 spell: Lesser Beckoning
  1617 | D:3      | Found a runed translucent gate.
  1618 | D:3      | Found a runed translucent gate.
  1619 | D:3      | Found a runed translucent gate.
  1625 | D:3      | Noticed mattiecakes's ghost (amateur AtFi)
  1627 | D:3      | Noticed a kobold brigand
  1632 | D:3      | Reached XP level 4. HP: 29/29 MP: 4/4
  1958 | D:4      | Found a glowing drain.
  1974 | Sewer    | Entered a sewer
  2105 | Sewer    | Noticed a kobold brigand
  2106 | Sewer    | Noticed a kobold brigand
  2146 | Sewer    | Killed a kobold brigand
  2147 | Sewer    | Reached XP level 5. HP: 28/35 MP: 4/6
  2153 | Sewer    | Killed a kobold brigand
  2154 | Sewer    | Reached skill level 1 in Spellcasting
  2154 | Sewer    | Reached XP level 6. HP: 35/41 MP: 4/7
  2526 | Sewer    | Reached skill level 4 in Unarmed Combat
  2693 | Sewer    | HP: 2/41 [kobold/+0 whip (6)]
  2694 | Sewer    | Gained mutation: You possess an exceptional clarity of
                  | mind. [potion of mutation]
  2694 | Sewer    | Gained mutation: One of your tentacles bears a spike.
                  | [potion of mutation]
  2694 | Sewer    | Succumbed to a kobold's poison

Illustrated notes

Levels and vault maps discovered:
D:1:      ncdulo_wetmaze, layout_loops_cross, basic_ecumenical_altar,
          minmay_split_cup_large
D:2:      layout_basic, chequers_serial_rivers_micro_b, minmay_lizard_king
D:3:      layout_basic, gammafunk_ghost_nasty_kobolds
D:4:      nicolae_BIG_FREAKIN_CUBE, layout_loops_ring,
          nicolae_kikubaaqudgha_miasma_corner, portal_sewer_entry_f
Sewer:    sewer_minmay_treatment

Skill      XL: |  1  2  3  4  5  6 |
---------------+-------------------+-----
Stealth        | 1 2 |  2.5
Fighting       | 2 |  2.9
Dodging        | 3 |  3.2
Spellcasting   | 1 |  1.1
Unarmed Combat | 4 |  4.0
Translocations | |  0.9
Shapeshifting  | |  3.8

Action                     |  1- 3 |  4- 6 || total
---------------------------+-------+-------++-------
  Melee: Unarmed           |    73 |   106 ||   179
         Constrict         |    20 |    26 ||    46
         Tentacles         |    14 |    17 ||    31
         Punch             |     1 |     5 ||     6
    Use: Scroll            |     4 |       ||     4
         Potion            |       |     2 ||     2
   Stab: Sleeping          |     8 |     4 ||    12
 Armour: Skin              |    29 |    56 ||    85
  Dodge: Dodged            |    28 |    79 ||   107

Table legend: (Time is in decaauts)
 A = Elapsed time spent in this place.
 B = Non-inter-level travel time spent in this place.
 C = Inter-level travel time spent in this place.
 D = Time resting spent in this place.
 E = Time spent auto-exploring this place.
 F = Levels seen in this place.
 G = Mean time per level.
                   A        B        C        D        E       F      G
               +--------+--------+--------+--------+--------+-----+--------+
         Total |   2680 |   2603 |     77 |    382 |   1610 |   5 |  536.0 |
       Dungeon |   1966 |   1889 |     77 |      0 |   1535 |   4 |  491.5 |
         Sewer |    713 |    713 |      0 |    382 |     75 |   1 |  713.0 |
               +--------+--------+--------+--------+--------+-----+--------+

Top non-repeatable levels by time:
     D:1: 727 daAuts
   Sewer: 713 daAuts
     D:3: 646 daAuts
     D:2: 571 daAuts
     D:4: 21 daAuts
